 Dungeon Crawl Stone Soup version 0.30-b1-2-g02819fbbbe (webtiles) character file.

Game seed: 5666279764764828015

310 Angani the Trooper (level 6, 0/49 HPs)
             Began as a Formicid Ice Elementalist on May 11, 2023.
             Slain by a kobold brigand
             ... wielding a +0 dagger
              (7 damage)
             ... in a sewer.
             The game lasted 00:05:46 (3265 turns).

Angani the Trooper (Formicid Ice Elementalist)      Turns: 3265, Time: 00:05:47

Health: 0/49       AC: 12    Str: 11 (12) XL:     6   Next: 70%
Magic:  9/9        EV:  6    Int: 17      God:
Gold:   85         SH:  0    Dex: 12 (14) Spells: 8/9 levels left

rFire   . . .        l - +0 dagger
rCold   . . .        (no shield)
rNeg    . . .        p - +0 chain mail
rPois   +            (helmet unavailable)
rElec   .            n - +0 cloak
rCorr   .            (no gloves)
SInv    +            d - +0 pair of boots
Will    .....        (no amulet) Stlth
                     (no ring)
HPRegen 0.28/turn    (no ring)
MPRegen 0.11/turn

%: no passive effects
@: no status effects
A: permanent stasis, dig shafts and tunnels, antennae 3, four strong arms,
deterioration 1, poison resistance
a: Dig


You were in a sewer.
You visited 1 branch of the dungeon, and saw 3 of its levels.
You also visited: Sewer.

You collected 85 gold pieces.

Inventory:

Hand Weapons
 l - a +0 dagger (weapon)
Armour
 d - a +0 pair of boots (worn)
 n - a +0 cloak (worn)
 p - a +0 chain mail (worn)
Scrolls
 c - a scroll of enchant weapon
 o - 2 scrolls of teleportation
Potions
 b - a potion of magic


   Skills:
 + Level 4.6 Fighting
 + Level 4.6 Armour
 - Level 1.7 Dodging
 - Level 2.4 Stealth
 - Level 2.1 Spellcasting
 - Level 4.0 Ice Magic


You had 8 spell levels left.
You knew the following spells:

 Your Spells              Type           Power      Damage    Failure   Level
a - Freeze                Ice            60%        1d7       67%         1

Your spell library contained the following spells:

 Spells                   Type           Power      Damage    Failure   Level
 Frozen Ramparts          Ice            30%        1d5       96%         3
 Ozocubu's Armour         Ice            15%        N/A       96%         3
 Summon Ice Beast         Ice/Summ       8%         N/A       100%        4


Dungeon Overview and Level Annotations

Branches:
Dungeon (3/15)              Sewer (1/1)

Altars:


Innate Abilities, Weirdness & Mutations

You cannot be hasted, slowed, berserked, paralysed or teleported.
You can dig through walls and to a lower floor.
You have a pair of large antennae on your head. (SInv)
Your four strong arms can wield two-handed weapons with a shield.
Your body sometimes deteriorates upon taking damage.
Your system is resistant to poisons. (rPois)


Message History

The kobold brigand splashes around in the water.
You hit the kobold brigand.
The kobold brigand is severely wounded.
The kobold brigand hits you with a +0 dagger.
* * * LOW HITPOINT WARNING * * *
Your body deteriorates!
You feel clumsy. The worm bites you.
* * * LOW HITPOINT WARNING * * *
Okay, then.
You hit the kobold brigand but do no damage.
The kobold brigand is severely wounded.
The kobold brigand hits you but does no damage.
You closely miss the kobold brigand.
The kobold brigand is severely wounded.
The worm splashes around in the water.
The kobold brigand hits you with a +0 dagger.
* * * LOW HITPOINT WARNING * * *
You hit the kobold brigand.
The kobold brigand is almost dead.
The kobold brigand hits you but does no damage.
The worm bites you but does no damage.
You hit the kobold brigand but do no damage.
The kobold brigand is almost dead.
The kobold brigand hits you but does no damage.
You closely miss the kobold brigand.
The kobold brigand is almost dead.
The kobold brigand splashes around in the water.
The worm barely misses you.
You closely miss the kobold brigand.
The kobold brigand is almost dead.
The kobold brigand hits you but does no damage.
You hit the kobold brigand but do no damage.
The kobold brigand is almost dead.
The worm barely misses you.
The kobold brigand hits you with a +0 dagger.
* * * LOW HITPOINT WARNING * * *
You barely miss the kobold brigand.
The kobold brigand is severely wounded.
The kobold brigand hits you with a +0 dagger!
You die...

#.~.# #~~.# #~~~##
#.~~.## ~~#####
#..~~.####
#~....########..~~~.~.
#~..~.~.####..~.~~ ###
#~.~~~~~.# ##~..~.
.w~~~###@~.~.~~.####..~.~
#.~~wK####~.~.##...~~.
.~~~.##### ##..~~~~.~~~.
### ##~~~~.~..~.
#~~...~~... #.~~~~~.∩.∩
#~.~~.~~... #~~.~.~...~
..~~~~...~~


You could see a kobold brigand and a worm.

Vanquished Creatures
  2 kobold brigands (Sewer)
  An orc priest (D:1)
  An orc wizard (D:2)
  3 adders
  2 worms
  3 dart slugs
  3 orcs
  14 endoplasms
  4 giant cockroaches
  3 goblins
  7 hobgoblins
  6 quokkas
  5 ball pythons
  4 bats
  A frilled lizard (D:2)
  4 kobolds
  6 rats
69 creatures vanquished.

Vanquished Creatures (collateral kills)
  A worm (Sewer)
1 creature vanquished.

Grand Total: 70 creatures vanquished

Notes
Turn   | Place    | Note
-------+----------+-------------------------------------------
     0 | D:1      | Angani the Formicid Ice Elementalist began the quest for
                  | the Orb.
     0 | D:1      | Reached XP level 1. HP: 13/13 MP: 3/3
   306 | D:1      | Reached skill level 1 in Fighting
   306 | D:1      | Reached skill level 1 in Armour
   306 | D:1      | Reached XP level 2. HP: 18/21 MP: 1/5
   711 | D:1      | Reached XP level 3. HP: 27/27 MP: 4/6
  1321 | D:1      | Reached XP level 4. HP: 20/34 MP: 1/7
  1398 | D:2      | Found a faded altar of an unknown god.
  1462 | D:2      | Gained mutation: Your body sometimes deteriorates upon
                  | taking damage. [potion of mutation]
  1462 | D:2      | Gained mutation: Your system is resistant to poisons.
                  | (rPois) [potion of mutation]
  2067 | D:2      | Reached XP level 5. HP: 27/41 MP: 0/8
  2586 | D:3      | Identified the +4 short sword of Uskayaw's Pride {freeze,
                  | rCorr}
  2610 | D:3      | Found a glowing drain.
  2645 | Sewer    | Entered a sewer
  2921 | Sewer    | Noticed a kobold brigand
  3028 | Sewer    | Killed a kobold brigand
  3029 | Sewer    | Reached XP level 6. HP: 39/48 MP: 9/9
  3265 | Sewer    | Slain by a kobold brigand

Illustrated notes

Levels and vault maps discovered:
D:1:      sevenhm_arrival_forest_fort_small_5, layout_loops_ring, serial_bayou,
          serial_bayou_pond_c, serial_bayou_crossing, serial_bayou_pond_d,
          serial_bayou_lake_a
D:2:      layout_loops_ring, shapermc_ecumenical_altar_ellora,
          minmay_tromino_mix6
D:3:      layout_basic, gup_sewer_entry_pipe, nicolae_figureground_sparkle,
          uniq_ijyb
Sewer:    sewer_co_tree

Skill      XL: |  1  2  3  4  5 |
---------------+----------------+-----
Fighting       | 1 2 3 4 |  4.6
Armour         | 1 2 3 4 |  4.6
Dodging        | |  1.7
Stealth        | |  2.4
Spellcasting   | |  2.1
Ice Magic      | |  4.0

Action                     |  1- 3 |  4- 6 || total
---------------------------+-------+-------++-------
  Melee: Unarmed           |    82 |       ||    82
         Dagger            |     1 |   469 ||   470
         Punch             |     1 |     3 ||     4
   Cast: Freeze            |    35 |    10 ||    45
    Use: Scroll            |       |    12 ||    12
         Potion            |       |     5 ||     5
   Stab: Sleeping          |     2 |     2 ||     4
 Armour: Robe              |     6 |       ||     6
         Ring mail         |    30 |    37 ||    67
         Chain mail        |       |   174 ||   174
         Skin              |       |    12 ||    12
  Dodge: Dodged            |    63 |   159 ||   222
